 Dungeon Crawl Stone Soup version 0.21.0 (webtiles) character file.

130 HDogLeCool the Conjurer (level 4, 0/24 HPs)
             Began as a Deep Elf Conjurer on June 12, 2018.
             Was a Follower of Uskayaw.
             Slain by a gnoll
             ... wielding a +0 spear
              (5 damage)
             ... on level 3 of the Dungeon.
             The game lasted 00:12:31 (2037 turns).

HDogLeCool the Conjurer (Deep Elf Conjurer)         Turns: 2037, Time: 00:12:32

Health: 0/24       AC:  5    Str:  5    XL:     4   Next: 89%
Magic:  7/12       EV: 10    Int: 21    God:    Uskayaw [*.....]
Gold:   73         SH:  0    Dex: 15    Spells: 9/12 levels left

rFire    . . .     SeeInvis .   i - +0 mace
rCold    . . .     Gourm    .   (no shield)
rNeg     . . .     Faith    .   f - +0 ring mail
rPois    .         Spirit   .   (no helmet)
rElec    .         Reflect  .   (no cloak)
rCorr    .         Harm     .   (no gloves)
MR       .....                  (no boots)
Stlth    ++........             (no amulet)
HPRegen  0.08/turn              (no ring)
MPRegen  0.13/turn              (no ring)

@: lethally poisoned (0 -> -33), very slightly contaminated
A: no striking features
a: Stomp, Renounce Religion


You were on level 3 of the Dungeon.
You worshipped Uskayaw.
Uskayaw was noncommittal.
You were not hungry.

You visited 1 branch of the dungeon, and saw 3 of its levels.

You collected 73 gold pieces.

Inventory:

Hand Weapons
 i - a +0 mace (weapon)
Missiles
 m - 88 stones (quivered)
Armour
 a - a +0 robe
 f - a +0 ring mail (worn)
Jewellery
 n - an uncursed ring of protection from cold {unknown}
Scrolls
 d - a scroll of random uselessness {unknown}
 e - a scroll of remove curse {unknown}
 h - 2 scrolls of magic mapping {unknown}
 j - a scroll of enchant weapon {unknown}
 k - 3 scrolls of identify {unknown}
 l - a scroll of enchant armour {unknown}
 r - 2 scrolls of teleportation {unknown}
Potions
 g - a potion of lignification {unknown}
 p - 2 potions of haste {unknown}
 q - 2 potions of mutation {unknown}
 s - a potion of agility {unknown}
Books
 b - a book of Conjurations

   Spells                             Type                      Level
   a - Magic Dart                     Conjuration                  1
   b - Searing Ray                    Conjuration                  2
   c - Dazzling Spray                 Conjuration/Hexes            3
   d - Fulminant Prism                Conjuration/Hexes            4
   e - Force Lance                    Conjuration/Translocation    4
   f - Iskenderun's Mystic Blast      Conjuration                  4
Comestibles
 c - 6 rations
 o - 3 chunks of flesh


   Skills:
 + Level 3.3 Dodging
 + Level 3.4 Stealth
 * Level 4.5 Spellcasting
 * Level 5.2 Conjurations
 + Level 1.1 Invocations


You had 9 spell levels left.
You knew the following spells:

 Your Spells              Type           Power        Failure   Level  Hunger
a - Magic Dart            Conj           ####         6%          1    None
b - Searing Ray           Conj           ####..       10%         2    #......


Dungeon Overview and Level Annotations

Branches:
Dungeon (3/15)

Altars:
Uskayaw


Message History

Confirm with . or Enter, or press ? or * to list all spells.
Aiming: Searing Ray
Press: ? - help, Shift-Dir - straight line, f - hobgoblin
Aim: a hobgoblin, wielding a club You miscast Searing Ray.
You are very lightly contaminated with residual magic.
The air around you crackles with energy!
The gnoll hits you from afar with a spear of venom.
You are poisoned.
You feel sick. The hobgoblin closely misses you.
The gnoll hits you from afar with a spear of venom.
You are lethally poisoned!
You feel sick. The hobgoblin barely misses you. The gnoll closely misses you.
The gnoll hits you from afar with a spear of venom.
* * * LOW HITPOINT WARNING * * *
You are more poisoned.
* * * LOW HITPOINT WARNING * * *
You feel sick.
The gnoll hits you from afar with a spear.
You die...

.......#
#......#
#...... .....
... #.# #<##
#..# ##@#
####g#####
#...gg...#
............#
###....)....#
##........#
#........#
#........#
#..$.....#


You could see 2 gnolls and a hobgoblin.

Vanquished Creatures
  Natasha (twice) (D:2)
  A gnoll (D:3)
  2 adders (D:2)
  An adder skeleton (D:2)
  2 dart slugs
  A leopard gecko (D:1)
  7 bats (D:1)
  2 giant cockroaches
  4 goblins
  7 hobgoblins
  8 jackals
  A frilled lizard (D:1)
  3 rats
41 creatures vanquished.

Notes
Turn   | Place    | Note
-------+----------+-------------------------------------------
     0 | D:1      | HDogLeCool the Deep Elf Conjurer began the quest for the Orb.
     0 | D:1      | Reached XP level 1. HP: 10/10 MP: 6/6
   101 | D:1      | Reached XP level 2. HP: 10/15 MP: 1/8
   503 | D:1      | Reached XP level 3. HP: 19/19 MP: 6/10
   855 | D:2      | Found a faded altar of an unknown god.
   873 | D:2      | Learned a level 2 spell: Searing Ray
   876 | D:2      | Became a worshipper of Uskayaw the Reveler
   876 | D:2      | Reached * piety under Uskayaw
   903 | D:2      | Reached ** piety under Uskayaw
  1695 | D:2      | Noticed Natasha
  1698 | D:2      | Killed Natasha
  1698 | D:2      | Reached skill level 5 in Conjurations
  1698 | D:2      | Reached XP level 4. HP: 24/24 MP: 8/12
  1784 | D:2      | Noticed Natasha
  1786 | D:2      | Killed Natasha
  1786 | D:2      | Reached skill level 1 in Invocations
  2037 | D:3      | Slain by a gnoll

Skill      XL: |  1  2  3  4 |
---------------+-------------+-----
Stealth        | 3 |  3.4
Dodging        | 3 |  3.3
Spellcasting   | 4 |  4.5
Conjurations   | 5 |  5.2
Invocations    | 1 |  1.1

Action                   |  1- 3 |  4- 6 || total
-------------------------+-------+-------++-------
Melee: Mace              |    12 |       ||    12
 Cast: Magic Dart        |    64 |     6 ||    70
       Searing Ray       |     1 |     5 ||     6
  Eat: Chunk             |     2 |     1 ||     3
Armor: Robe              |     2 |       ||     2
       Ring mail         |     4 |     1 ||     5
Dodge: Dodged            |    21 |     4 ||    25
